 Dungeon Crawl Stone Soup version 0.27-a0-1497-gf8f22f7954 (webtiles) character file.

Game seed: 7120184014492925646

26 Lekart the Skirmisher (level 2, -3/40 HPs)
             Began as a Draconian Chaos Knight on July 7, 2021.
             Was a Plaything of Xom.
             Killed from afar by Sigmund (7 damage)
             ... with a puff of flame
             ... on level 2 of the Dungeon.
             The game lasted 00:01:31 (1462 turns).

Lekart the Skirmisher (Draconian Chaos Knight)      Turns: 1462, Time: 00:01:32

Health: -3/40      AC: 21    Str: 14    XL:     2   Next: 89%
Magic:  2/2        EV:  2    Int: 12    God:    Xom [......]
Gold:   66         SH:  0    Dex: 10    Spells: 1/2 levels left

rFire    . . .     SeeInvis .   a - +0 falchion (chaos)
rCold    . . .     Faith    .   (no shield)
rNeg     + + +     Spirit   .   (armour unavailable)
rPois    +         Reflect  .   (helmet currently unavailable)
rElec    .         Harm     .   (cloak currently unavailable)
rCorr    .         Rampage  .   (gloves currently unavailable)
Will     .....     NoTele   +   (boots currently unavailable)
Stlth    +.........             (no amulet)
HPRegen  0.13/turn              (no ring)
MPRegen  0.08/turn              (no ring)

@: confused, tree-form
A: stationary, stasis, torment immunity, boosted hp, AC +4, unfitting armour,
(cold-blooded)
a: Renounce Religion


You were on level 2 of the Dungeon.
You worshipped Xom.
You were a very special plaything of Xom.
You were a tree.
You visited 1 branch of the dungeon, and saw 3 of its levels.

You collected 66 gold pieces.

Inventory:

Hand Weapons
 a - a +0 falchion of chaos (weapon)
Jewellery
 d - an amulet of magic regeneration
 e - an amulet of regeneration
Scrolls
 c - 4 scrolls of identify


   Skills:
 + Level 3.7 Fighting
 + Level 3.4 Long Blades
 + Level 2.2 Dodging
 * Level 0.6 Spellcasting
 * Level 0.4 Hexes


You had one spell level left.
You knew the following spells:

 Your Spells              Type           Power      Damage    Failure   Level
a - Corona                Hex            1%         N/A       26%         1

Your spell library contained the following spells:

 Spells                   Type           Power      Damage    Failure   Level
 Animate Skeleton         Necr           0%         N/A       32%         1
 Apportation              Tloc           0%         N/A       32%         1
 Summon Small Mammal      Summ           0%         N/A       32%         1


Dungeon Overview and Level Annotations

Branches:
Dungeon (3/15)

Altars:

Annotations:
D:2 Sigmund


Innate Abilities, Weirdness & Mutations

You are a tree.
Your roots penetrate the ground, keeping you stationary.
You cannot be teleported.
You are immune to unholy pain and torment.
Your maximum health is greatly increased.
Your equipment is partially melded.
((Your plain brown scales are hard. (AC +4)))
You cannot fit into any form of body armour.
((You are cold-blooded and may be slowed by cold attacks.))


Message History

You start waiting.
You are now a very special plaything of Xom.
There is a stone staircase leading up here.
You climb upwards.
Level annotation: Sigmund
There is a stone staircase leading down here.
Sigmund hits you with a +0 scythe!
You hit Sigmund.
Sigmund seems to speed up.
Sigmund is moderately wounded.
Xom titters.
You are confused.
Sigmund hits you with a +0 scythe.
Sigmund breathes a few words.
Sigmund's hands start flickering wildly.
Sigmund closely misses you.
You bump into the rock wall.
Sigmund gestures at you while chanting.
You are more confused.
Sigmund closely misses you.
Sigmund hits you from afar with a +0 scythe!
Okay, then.
Sigmund gestures at you while chanting. The magic dart hits you!
* * * LOW HITPOINT WARNING * * *
Really quaff the potion of lignification?
You turn into a tree.
Your roots penetrate the ground.
Sigmund casts a spell at you.
The magic dart hits you but does no damage.
You are too confused!
You aren't carrying any potions.
Okay, then.
Sigmund gestures at you while chanting.
You are more confused.
Sigmund hits you but does no damage. x2
Sigmund hits you but does no damage. Sigmund hits you but does no damage. x2
Sigmund points at you and mumbles some strange words.
The puff of flame hits you!
You die...
Xom guffaws!

...##..#........#.
#.. #..#........#.
#..###.#........#.
#...##.#........#.
#...##.#........#.
####.##.#######'##.
##..@.#.............
##....>.....#..###...
#...♣.........## #...
#............## #<..
#............# #...
##..........## ####
##...##>..##
##########


You could see Sigmund (fast).

Vanquished Creatures
  An adder (D:3)
  A dart slug (D:2)
  2 bats (D:1)
  2 endoplasms (D:1)
  A goblin (D:2)
  2 jackals (D:1)
  3 ball pythons
  2 frilled lizards
  A rat (D:1)
15 creatures vanquished.

Notes
Turn   | Place    | Note
-------+----------+-------------------------------------------
     0 | D:1      | Lekart the Draconian Chaos Knight began the quest for the
                  | Orb.
     0 | D:1      | Reached XP level 1. HP: 19/19 MP: 1/1
    41 | D:1      | XOM: silly message
   106 | D:1      | Reached XP level 2. HP: 26/26 MP: 2/2
   335 | D:1      | Learned a level 1 spell: Corona
  1002 | D:2      | XOM: smoke on damage
  1004 | D:2      | XOM: butterfly on damage
  1201 | D:2      | Noticed Sigmund
  1217 | D:3      | XOM: smoke on damage
  1453 | D:2      | XOM: confusion
  1462 | D:2      | Killed from afar by Sigmund

Illustrated notes

Levels and vault maps discovered:
D:1:      elethiomel_arrival_quiet, layout_loops_corners
D:2:      layout_rooms, hellmonk_ecumenical_altar_pennies_from_heaven,
          minivault_25, uniq_sigmund, uniq_natasha
D:3:      kennysheep_slugbush, layout_basic, grunt_decor_one_mirror,
          minmay_divided_ellipse

Action                   || total
-------------------------++-------
Melee: Falchion          ||    37
       Tailslap          ||     5
 Cast: Corona            ||     5
  Use: Scroll            ||     1
       Potion            ||     1
Armor: Skin              ||    18
Dodge: Dodged            ||    30
       Rpst.: Falchion   ||     8

Table legend: (Time is in decaauts)
 A = Elapsed time spent in this place.
 B = Non-inter-level travel time spent in this place.
 C = Inter-level travel time spent in this place.
 D = Time resting spent in this place.
 E = Time spent auto-exploring this place.
 F = Levels seen in this place.
 G = Mean time per level.
                   A        B        C        D        E       F      G
               +--------+--------+--------+--------+--------+-----+--------+
         Total |   1467 |   1440 |     27 |    392 |    921 |   3 |  489.0 |
       Dungeon |   1467 |   1440 |     27 |    392 |    921 |   3 |  489.0 |
               +--------+--------+--------+--------+--------+-----+--------+

Top non-repeatable levels by time:
     D:1: 938 daAuts
     D:2: 289 daAuts
     D:3: 239 daAuts
